 Dungeon Crawl Stone Soup version 0.28-a0-909-g796cbd3a86 (webtiles) character file.

Game seed: 13871315174529400987

973 vineage the Fighter (level 8, 0/58 HPs)
             Began as a Gargoyle Fighter on Nov 24, 2021.
             Slain by an orc warrior (1 damage)
             ... on level 5 of the Dungeon.
             The game lasted 00:08:14 (6015 turns).

vineage the Fighter (Gargoyle Fighter)              Turns: 6015, Time: 00:08:14

Health: 0/58       AC: 19    Str: 33    XL:     8   Next: 16%
Magic:  8/8        EV:  7    Int:  8    God:
Gold:   1121       SH:  4    Dex: 11    Spells: 7/7 levels left

rFire   . . .      SeeInvis .   a - +1 flail
rCold   . . .      Faith    .   c - +0 buckler
rNeg    + . .      Spirit   .   e - +0 plate armour
rPois   ∞          Reflect  .   (no helmet)
rElec   +          Harm     .   (no cloak)
rCorr   .          Rampage  .   l - +1 pair of gloves
Will    .....                   (no boots)
Stlth   ..........              n - amulet of the acrobat
HPRegen 0.19/turn               m - +6 ring of strength
MPRegen 0.11/turn               d - +6 ring of strength

@: no status effects
A: sickness immunity, AC +5, negative energy resistance 1, electricity
resistance, torment resistance 1, petrification resistance
a: no special abilities


You were on level 5 of the Dungeon.
You visited 2 branches of the dungeon, and saw 7 of its levels.

You collected 1121 gold pieces.

Inventory:

Hand Weapons
 a - a +1 flail (weapon)
Missiles
 g - 2 throwing nets (quivered)
Armour
 c - a +0 buckler (worn)
 e - a +0 plate armour (worn)
 l - a +1 pair of gloves (worn)
Jewellery
 d - a +6 ring of strength (right hand)
 h - a ring of protection from cold
 m - a +6 ring of strength (left hand)
 n - an amulet of the acrobat (around neck)
 p - an amulet of magic regeneration
Scrolls
 i - a scroll of enchant weapon
Potions
 b - a potion of ambrosia
 j - a potion of lignification {unknown}
 k - a potion of degeneration {unknown}


   Skills:
 + Level 10.5 Fighting
 - Level 2.0 Maces & Flails
 - Level 3.2 Armour
 - Level 3.2 Shields


You had 7 spell levels left.
You didn't know any spells.
Your spell library contained the following spells:

 Spells                   Type           Power      Damage    Failure   Level
 Animate Skeleton         Necr           0%         N/A       99%         1
 Pain                     Necr           0%         1d4       99%         1
 Slow                     Hex            0%         N/A       99%         1
 Blink                    Tloc           0%         N/A       99%         2
 Corpse Rot               Necr/Air       0%         N/A       99%         2
 Poisonous Vapours        Pois/Air       0%         N/A       99%         2
 Static Discharge         Conj/Air       0%         N/A       99%         2
 Confusing Touch          Hex            0%         N/A       100%        3
 Lesser Beckoning         Tloc           0%         N/A       100%        3
 Vampiric Draining        Necr           0%         2d6       100%        3
 Lightning Bolt           Conj/Air       0%         1d11      100%        5
 Manifold Assault         Tloc           0%         N/A       100%        5
 Yara's Violent Unravell  Hex/Tmut       0%         3d3       100%        5
 Maxwell's Capacitive Co  Air            0%         ∞         100%        8


Dungeon Overview and Level Annotations

Branches:
Dungeon (6/15)             Temple (1/1) D:4

Altars:
Ashenzari
Cheibriados
Dithmenos
Elyvilon
Fedhas
Kikubaaqudgha
Qazlal
Ru
Sif Muna
Uskayaw
Vehumet
Wu Jian
Xom
Yredelemnul
Zin

Annotations:
D:3 1 runed translucent door, Tribosh's ghost, amateur OpFi
D:6 1 transporter, Crownlay's ghost, novice GnAE


Innate Abilities, Weirdness & Mutations

You are immune to sickness and miasma.
Your stone body is resilient. (AC +5)
You are immune to poison.
You resist negative energy. (rN+)
You are resistant to electric shocks. (rElec)
You are resistant to unholy torment.
You are immune to petrification.


Message History

The orc warrior is severely wounded.
The orc warrior hits you with a +1 vorpal mace!
The orc warrior hits you but does no damage.
You are too injured to fight recklessly!
You are too injured to fight recklessly!
You are too injured to fight recklessly!
You are too injured to fight recklessly!
You are too injured to fight recklessly!
You are too injured to fight recklessly!
You are too injured to fight recklessly!
You are too injured to fight recklessly!
You are too injured to fight recklessly!
You are too injured to fight recklessly!
You are too injured to fight recklessly!
You are too injured to fight recklessly!
You are too injured to fight recklessly!
You are too injured to fight recklessly!
You barely miss the orc warrior.
The orc warrior is severely wounded.
The orc warrior hits you but does no damage.
You closely miss the orc warrior.
The orc warrior is severely wounded.
The orc warrior hits you with a +1 vorpal mace.
You hit the orc warrior.
The orc warrior is almost dead.
The orc warrior closely misses you.
The orc warrior hits you but does no damage.
You closely miss the orc warrior.
The orc warrior is almost dead.
The orc warrior hits you with a +1 vorpal mace!
* * * LOW HITPOINT WARNING * * *
x2 You hit the orc warrior.
The orc warrior is almost dead.
The orc warrior hits you with a +1 vorpal mace.
* * * LOW HITPOINT WARNING * * *
x2 You completely miss the orc warrior.
The orc warrior is almost dead.
The orc warrior hits you with a +1 vorpal mace!
* * * LOW HITPOINT WARNING * * *
You die...

#.#....##..##########.#
#.##.#####.# #.#
...###...#.## #.#
._.....P....# #.#
...###...#..### #.#
#.##.#####....# #.#
#.#...........# #.#
#.##..........#######.#
...####.....>.oo@.....#
.P.# #....)..#########
...# #.......# #.##
#....(..# ..# #########
###


You could see an orc warrior and an orc.

Vanquished Creatures
  An ice beast (D:5)
  An ogre (D:5)
  A necrophage (D:4)
  A phantom (D:6)
  A gnoll sergeant (D:4)
  A water moccasin skeleton (D:5)
  A centaur zombie (D:5)
  A bullfrog zombie (D:4)
  A hound (D:4)
  An orc priest (D:4)
  An iguana (D:5)
  Jessica (D:2)
  A centaur skeleton (D:4)
  3 orc wizards (D:4)
  A howler monkey zombie (D:5)
  8 gnolls (D:4)
  7 adders
  A shadow imp (D:4)
  4 worms
  A dart slug (D:2)
  5 orcs
  11 endoplasms
  3 giant cockroaches
  5 goblins
  5 hobgoblins
  6 quokkas
  10 ball pythons
  12 bats
  5 frilled lizards
  6 kobolds
  2 rats
108 creatures vanquished.

Vanquished Creatures (others)
  6 plants (D:2)
6 creatures vanquished.

Grand Total: 114 creatures vanquished

Notes
Turn   | Place    | Note
-------+----------+-------------------------------------------
     0 | D:1      | vineage the Gargoyle Fighter began the quest for the Orb.
     0 | D:1      | Reached XP level 1. HP: 14/14 MP: 1/1
   402 | D:1      | Reached XP level 2. HP: 18/20 MP: 2/2
   445 | D:1      | Reached skill level 4 in Fighting
  1091 | D:2      | Found a faded altar of an unknown god.
  1093 | D:2      | Reached XP level 3. HP: 24/24 MP: 3/3
  1150 | D:2      | Reached skill level 5 in Fighting
  1224 | D:2      | Noticed Jessica
  1227 | D:2      | Reached XP level 4. HP: 26/31 MP: 4/4
  1229 | D:2      | Killed Jessica
  1432 | D:2      | Found a shimmering altar of Xom.
  1916 | D:2      | Reached skill level 6 in Fighting
  2095 | D:3      | Reached XP level 5. HP: 34/36 MP: 5/5
  2189 | D:3      | Noticed Tribosh's ghost (amateur OpFi)
  2190 | D:3      | Found a runed translucent door.
  2344 | D:3      | Found a stormy altar of Qazlal.
  2763 | D:4      | Found a snail-covered altar of Cheibriados.
  2907 | D:4      | Found a sacrificial altar of Ru.
  3142 | D:4      | Reached skill level 7 in Fighting
  3157 | D:4      | Reached XP level 6. HP: 22/44 MP: 6/6
  3379 | D:4      | Found a staircase to the Ecumenical Temple.
  3674 | D:4      | Noticed a necrophage
  3680 | D:4      | Reached skill level 8 in Fighting
  3694 | D:4      | Killed a necrophage
  3695 | D:4      | Reached XP level 7. HP: 14/50 MP: 7/7
  4118 | D:4      | Found a radiant altar of Vehumet.
  4120 | D:4      | Found a shimmering altar of Xom.
  4326 | D:4      | Reached skill level 9 in Fighting
  4843 | D:5      | Entered Level 5 of the Dungeon
  4854 | Temple   | Entered the Ecumenical Temple
  5626 | D:5      | Reached skill level 10 in Fighting
  5691 | D:5      | Found a white marble altar of Elyvilon.
  5828 | D:5      | Identified a scroll of acquirement
  5828 | D:5      | Acquired 952 gold pieces
  5905 | D:6      | Found a transporter.
  5932 | D:6      | Reached XP level 8. HP: 52/57 MP: 8/8
  5980 | D:6      | Noticed Crownlay's ghost (novice GnAE)
  6015 | D:5      | HP: 1/58 [orc warrior (9)]
  6015 | D:5      | Slain by an orc warrior

Illustrated notes

Levels and vault maps discovered:
D:1:      mushboom_english_gardens, layout_loops_cross, corner_web_ring
D:2:      minmay_wonky_spiral, layout_rooms, hellmonk_ecumenical_altar_zigzags,
          basic_altar, serial_bayou_lake_a, uniq_jessica
D:3:      layout_basic, nicolae_qazlal_general_emergency,
          ebering_ghost_inner_flame, hangedman_decor_slide_cut
D:4:      layout_cave_pods, mainiacjoe_overflow_concentric_impassable,
          gammafunk_temple_overflow_forgotten, minmay_temple_entry_purple_smoke
D:5:      layout_basic, elyvilon_altar_1
D:6:      cheibrodos_helix_gallery, layout_cave_pools,
          nicolae_gozag_cash_rules_everything_around_me,
          grunt_temple_overflow_bloody_war, gammafunk_ghost_arena,
          dk_noncrumbling_4, minmay_puff
Temple:   jpeg_temple_island

Skill      XL: |  1  2  3  4  5  6  7 |
---------------+----------------------+-----
Fighting       | 4 5 6 7 8 10 | 10.5
Maces & Flails | |  2.0
Armour         | |  3.2
Shields        | |  3.2

Action                   |  1- 3 |  4- 6 |  7- 9 || total
-------------------------+-------+-------+-------++-------
Melee: Flail             |   136 |   237 |    83 ||   456
  Use: Scroll            |     2 |     4 |     3 ||     9
       Potion            |       |     4 |     1 ||     5
Armor: Scale mail        |   105 |    12 |       ||   117
       Plate armour      |       |   166 |    68 ||   234
Dodge: Dodged            |    71 |    74 |    34 ||   179
Block: Buckler           |    30 |    59 |    26 ||   115

Table legend: (Time is in decaauts)
 A = Elapsed time spent in this place.
 B = Non-inter-level travel time spent in this place.
 C = Inter-level travel time spent in this place.
 D = Time resting spent in this place.
 E = Time spent auto-exploring this place.
 F = Levels seen in this place.
 G = Mean time per level.
                   A        B        C        D        E       F      G
               +--------+--------+--------+--------+--------+-----+--------+
         Total |   6217 |   5980 |    237 |    967 |   3873 |   7 |  888.1 |
       Dungeon |   5971 |   5739 |    232 |    967 |   3638 |   6 |  995.2 |
        Temple |    245 |    240 |      5 |      0 |    235 |   1 |  245.0 |
               +--------+--------+--------+--------+--------+-----+--------+

Top non-repeatable levels by time:
     D:4: 2155 daAuts
     D:1: 1118 daAuts
     D:2: 1009 daAuts
     D:5: 860 daAuts
     D:3: 716 daAuts
  Temple: 245 daAuts
     D:6: 110 daAuts
